 Dungeon Crawl Stone Soup version 0.20.1-1-g8b1a95d (webtiles) character file.

32 digijack the Grave Robber (level 3, 0/19 HPs)
             Began as a Tengu Necromancer on Oct 21, 2017.
             Succumbed to an adder's poison
             ... on level 1 of the Dungeon.
             The game lasted 00:06:30 (1286 turns).

digijack the Grave Robber (Tengu Necromancer)       Turns: 1286, Time: 00:06:30

Health: 0/19       AC:  2    Str:  9    XL:     3   Next: 27%
Magic:  7/7        EV: 12    Int: 15    God:
Gold:   5          SH:  0    Dex: 14    Spells: 5/7 levels left

rFire    . . .     SeeInvis .   (no weapon)
rCold    . . .     Gourm    .   (no shield)
rNeg     . . .     Faith    .   a - +0 robe
rPois    .         Spirit   .   (helmet restricted)
rElec    .         Reflect  .   (no cloak)
rCorr    .         Harm     .   (no gloves)
MR       .....                  (boots unavailable)
Stlth    ++........             h - amulet of magic regeneration
Regen    0.1/turn               (no ring)
MPRegen  0.2/turn               (no ring)

@: lethally poisoned (0 -> -11)
A: beak, talons 3
a: no special abilities


You were on level 1 of the Dungeon.
You were not hungry.

You visited 1 branch of the dungeon, and saw 1 of its levels.

You collected 5 gold pieces.

Inventory:

Missiles
 d - 5 javelins (quivered)
Armour
 a - a +0 robe (worn)
Jewellery
 h - an amulet of magic regeneration (around neck)
Books
 b - a book of Necromancy

   Spells                             Type                      Level
   a - Pain                           Necromancy                   1
   b - Animate Skeleton               Necromancy                   1
   c - Vampiric Draining              Necromancy                   3
   d - Regeneration                   Charms/Necromancy            3
   e - Animate Dead                   Necromancy                   4
   f - Control Undead                 Necromancy                   4
Comestibles
 c - a bread ration
 g - 2 royal jellies


   Skills:
 + Level 2.1 Dodging
 + Level 2.0 Stealth
 + Level 2.5 Spellcasting
 + Level 5.1 Necromancy


You had 5 spell levels left.
You knew the following spells:

 Your Spells              Type           Power        Failure   Level  Hunger
a - Pain                  Necr           ###.         2%          1    #......
b - Animate Skeleton      Necr           N/A          2%          1    #......


Dungeon Overview and Level Annotations

Branches:
Dungeon (1/15)

Altars:


Innate Abilities, Weirdness & Mutations

You have a beak for a mouth.
You have claws for feet.


Message History

You hit the adder but do no damage. You claw the adder.
Your peck misses the adder.
The adder is almost dead.
You feel sick. The adder bites you. The adder barely misses you.
You hit the adder but do no damage. Your peck misses the adder.
The adder is almost dead.
The adder bites you.
* * * LOW HITPOINT WARNING * * *
You are more poisoned.
The adder poisons you!
You hit the adder but do no damage. Your kick misses the adder.
The adder is almost dead.
* * * LOW HITPOINT WARNING * * *
You feel sick. The adder bites you but does no damage.
You closely miss the adder.
The adder is almost dead.
The adder closely misses you.
You barely miss the adder. You claw the adder.
You kill the adder!
You die...

#####.####### #...........#####
............. #...........#....
#####....########...........#....
#........##......############....
#.####...##.####.# #.... #.#
#...##.# #.# ##### #.# #......#
#.# ##### ..# ##..[.)# #.###
#.... ### #.....####@..#####
#.... ..#########.#..†.......#
#....
............#......###.######....
..###########..##### #...........
..#####...###..# #...........
....≈≈##.##P≈..# #...........
###.≈≈♣#'#≈≈≈..# ##..........
#.≈≈≈≈≈≈≈≈≈..# #...........
##≈≈♣#'#♣≈≈..# #...........


There were no monsters in sight!

Vanquished Creatures
  An adder (D:1)
  An ooze (D:1)
  A leopard gecko (D:1)
  A bat (D:1)
  5 hobgoblins (D:1)
  A frilled lizard (D:1)
  A goblin (D:1)
  4 kobolds (D:1)
  4 rats (D:1)
19 creatures vanquished.

Vanquished Creatures (collateral kills)
  A rat (D:1)
1 creature vanquished.

Grand Total: 20 creatures vanquished

Notes
Turn   | Place    | Note
-------+----------+-------------------------------------------
     0 | D:1      | digijack the Tengu Necromancer began the quest for the Orb.
     0 | D:1      | Reached XP level 1. HP: 10/10 MP: 4/4
     3 | D:1      | Learned a level 1 spell: Animate Skeleton
   322 | D:1      | Reached XP level 2. HP: 11/15 MP: 1/6
   701 | D:1      | Reached skill level 5 in Necromancy
  1248 | D:1      | Reached XP level 3. HP: 10/19 MP: 7/7
  1286 | D:1      | Succumbed to an adder's poison

Skill      XL: |  1  2 |
---------------+-------+-----
Necromancy     | 5 |  5.1
Dodging        | |  2.1
Stealth        | |  2.0
Spellcasting   | |  2.5

Action                   || total
-------------------------++-------
Melee: Unarmed           ||    32
       Kick              ||     7
       Peck              ||     4
Throw: Javelin           ||     3
 Cast: Pain              ||    23
       Animate Skeleton  ||     3
  Use: Scroll            ||     4
       Potion            ||     2
 Stab: Sleeping          ||     1
  Eat: Bread ration      ||     1
Armor: Robe              ||     3
Dodge: Dodged            ||    15
